 Dungeon Crawl Stone Soup version 0.30-a0-622-gddc90eaa04 (webtiles) character file.

Game seed: 12060154099800498705

27 Leeroy the Sneak (level 3, -2/19 HPs)
             Began as a Kobold Enchanter on Jan 10, 2023.
             Slain by a gnoll
             ... wielding a +0 flail
              (11 damage)
             ... on level 1 of the Dungeon.
             The game lasted 00:01:55 (662 turns).

Leeroy the Sneak (Kobold Enchanter)                  Turns: 662, Time: 00:01:55

Health: -2/19      AC:  2    Str:  5    XL:     3   Next: 25%
Magic:  6/6        EV: 15    Int: 16    God:
Gold:   86         SH:  0    Dex: 17    Spells: 6/6 levels left

rFire   . . .      SeeInvis .    a - +1 dagger
rCold   . . .      Faith    .    (no shield)
rNeg    . . .      Spirit   .    b - +0 robe
rPois   .          Reflect  .    (no helmet)
rElec   .          Harm     .    (no cloak)
rCorr   .          Rampage  .    (no gloves)
Will    .....                    (no boots)
Stlth   ++++                     (no amulet)
HPRegen 0.23/turn                (no ring)
MPRegen 0.10/turn                (no ring)

@: invisible
A: small, no large weapons, nightstalker 3
a: no special abilities


You were on level 1 of the Dungeon.
You visited 1 branch of the dungeon, and saw 1 of its levels.

You collected 86 gold pieces.

Inventory:

Hand Weapons
 a - a +1 dagger (weapon)
Armour
 b - a +0 robe (worn)
Scrolls
 e - a scroll of identify {unknown}
 g - a scroll of torment {unknown}
Potions
 c - a potion of invisibility
 d - a potion of curing {unknown}
 f - a potion of berserk rage {unknown}
 h - 2 potions of might {unknown}


   Skills:
 - Level 3.1 Short Blades
 - Level 2.4 Dodging
 + Level 4.8 Stealth
 - Level 2.1 Spellcasting
 - Level 3.0 Hexes


You had 6 spell levels left.
You didn't know any spells.
Your spell library contained the following spells:

 Spells                   Type           Power      Damage    Failure   Level
 Ensorcelled Hibernation  Hex/Ice        12%        N/A       17%         2
 Confusing Touch          Hex            11%        N/A       19%         3
 Tukima's Dance           Hex            11%        N/A       19%         3
 Dazzling Flash           Conj/Hex       12%        N/A       32%         3


Dungeon Overview and Level Annotations

Branches:
Dungeon (1/15)

Altars:

Shops:
D:1 (


Innate Abilities, Weirdness & Mutations

You are small and have problems with some larger weapons.
You are completely attuned to the shadows.


Message History

Found 16 gold pieces.
The helpless ball python fails to defend itself.
You impale the ball python!!
You kill the ball python!
You now have 79 gold pieces (gained 16).
You open the door.
There is an open door here.
A bat comes into view.
A bat is nearby!
A bat is nearby!
The helpless bat fails to defend itself.
You impale the bat!!
You kill the bat!
You see here a bat corpse.
There is a shaft here.
A rat comes into view.
A rat is nearby!
You see here 7 gold pieces.
The helpless rat fails to defend itself.
You impale the rat!!
You kill the rat!
You now have 86 gold pieces (gained 7).
A gnoll comes into view. It is wielding a +0 flail.
The gnoll shouts!
A rat comes into view.
Found 15 gold pieces.
You don't know any spells.
Okay, then.
You aren't carrying any items that you can evoke.
Unknown command.
The gnoll attacks as you move away! The gnoll hits you with a +0 flail!
There is a stone staircase leading down here.
The gnoll attacks as you move away! The gnoll closely misses you.
The gnoll attacks as you move away! The gnoll misses you.
The gnoll attacks as you move away! The gnoll barely misses you.
The gnoll attacks as you move away! The gnoll hits you with a +0 flail!
You fade into invisibility!
The gnoll hits you with a +0 flail!
Ouch! That really hurt!
You die...

.##..................# #.#####.#.
############.........# #.........
# #.........# #######.#. #
############# #.#. #
#(..........# #######.#.
##########...........# #.....#.#.
.....................###.###.#.#.
.#########.................#.....
.#########.....g@.....###..###...
........#########.#....##........
#######.# #.###.....###.#.#
......#.# #.# #[....###.##.
).###(#.# #.#######.....).# ..#
#.#.# #.#.......#...##. .## #.#.#
#......##.##...#. ## ##.#.###
#...##.##.##.##)# # #..#...#
#.........##.#.##


You could see a gnoll (unable to see you).

Vanquished Creatures
  A gnoll (D:1)
  4 ball pythons (D:1)
  A bat (D:1)
  An endoplasm (D:1)
  A goblin (D:1)
  4 hobgoblins (D:1)
  A quokka (D:1)
  A kobold (D:1)
  A rat (D:1)
15 creatures vanquished.

Notes
Turn   | Place    | Note
-------+----------+-------------------------------------------
     0 | D:1      | Leeroy the Kobold Enchanter began the quest for the Orb.
     0 | D:1      | Reached XP level 1. HP: 10/10 MP: 3/3
    63 | D:1      | Reached XP level 2. HP: 15/15 MP: 5/5
   282 | D:1      | Reached XP level 3. HP: 19/19 MP: 6/6
   430 | D:1      | Found Zigilion's Weapon Shoppe.
   662 | D:1      | Slain by a gnoll

Illustrated notes

Levels and vault maps discovered:
D:1:      matt_arrival_grand_opening, layout_basic, serial_shops,
          nicolae_shop_advertising_works [nicolae_subvault_shop_adworks],
          minmay_tromino_v7

Skill      XL: |  1 |
---------------+----+-----
Short Blades   | 3 |  3.1
Dodging        | |  2.4
Stealth        | |  4.8
Spellcasting   | |  2.1
Hexes          | |  3.0

Action                   || total
-------------------------++-------
Melee: Dagger            ||    17
  Use: Potion            ||     1
 Stab: Sleeping          ||    13
Dodge: Dodged            ||     7

Table legend: (Time is in decaauts)
 A = Elapsed time spent in this place.
 B = Non-inter-level travel time spent in this place.
 C = Inter-level travel time spent in this place.
 D = Time resting spent in this place.
 E = Time spent auto-exploring this place.
 F = Levels seen in this place.
 G = Mean time per level.
                   A        B        C        D        E       F      G
               +--------+--------+--------+--------+--------+-----+--------+
         Total |    659 |    659 |      0 |      0 |    549 |   1 |  659.0 |
       Dungeon |    659 |    659 |      0 |      0 |    549 |   1 |  659.0 |
               +--------+--------+--------+--------+--------+-----+--------+

Top non-repeatable levels by time:
     D:1: 659 daAuts
